 Dungeon Crawl Stone Soup version 0.30-b1-2-g02819fbbbe (webtiles) character file.

Game seed: 15715210348080500929

5898 LLlMATKO the Cleaver (level 10, -18/93 HPs)
             Began as a Minotaur Berserker on Nov 26, 2023.
             Was a High Priest of Trog.
             Killed by an exploding centaur warrior (34 damage)
             ... ignited by their inner flame
             ... on level 9 of the Dungeon.
             The game lasted 00:07:53 (6767 turns).

LLlMATKO the Cleaver (Minotaur Berserker)           Turns: 6767, Time: 00:07:53

Health: -18/93     AC: 19    Str: 27    XL:     10   Next: 53%
Magic:  9/9        EV: 12    Int:  9    God:    Trog [*****.]
Gold:   217        SH:  9    Dex: 11    Spells: 9/9 levels left

rFire   . . .        G - +0 war axe
rCold   . . .        F - +0 kite shield
rNeg    . . .        y - +4 scale mail of the Beekeeper {Regen+ Int+5 Dex-4 Stlth-}
rPois   .            s - +2 hat
rElec   .            z - scarf {repulsion}
rCorr   .            j - +2 pair of gloves
SInv    .            h - +0 pair of boots
Will    .....        (no amulet) Stlth
                     b - +6 ring of dexterity
HPRegen 1.15/turn    m - ring of willpower
MPRegen 0.11/turn

%: repel missiles
@: weak-willed, on berserk cooldown, slowed, very slow
A: horns 2, retaliatory headbutt
a: Renounce Religion, Berserk, Trog's Hand, Brothers in Arms


You were on level 9 of the Dungeon.
You worshipped Trog.
Trog was extremely pleased with you.
You visited 1 branch of the dungeon, and saw 9 of its levels.

You collected 415 gold pieces.
You spent 198 gold pieces at shops.

Inventory:

Hand Weapons
 G - a +0 war axe (weapon)
Missiles
 i - 3 poisoned darts (quivered)
 x - a throwing net
Armour
 h - a +0 pair of boots (worn)
 j - a +2 pair of gloves (worn)
 o - a +0 plate armour
 s - a +2 hat (worn)
 y - the +4 scale mail of the Beekeeper (worn) {Regen+ Int+5 Dex-4 Stlth-}
   (You found it on level 5 of the Dungeon)

   Int:       It affects your intelligence (+5).
   Dex:       It affects your dexterity (-4).
   Regen:     It increases your rate of health regeneration.
   Stlth:     It makes you less stealthy.
 z - a scarf of repulsion (worn)
 F - a +0 kite shield (worn)
Jewellery
 b - a +6 ring of dexterity (left hand)
 m - a ring of willpower (right hand)
 n - a ring of willpower
 E - a ring of fire
Wands
 B - a wand of flame (22)
 H - a wand of iceblast (9)
Scrolls
 c - 10 scrolls of identify {unknown}
 f - 2 scrolls of vulnerability
 l - 2 scrolls of immolation
 r - a scroll of magic mapping
 t - a scroll of amnesia {unknown}
 u - a scroll of noise {unknown}
 v - 2 scrolls of teleportation {unknown}
 w - 2 scrolls of brand weapon {unknown}
 C - 2 scrolls of enchant weapon {unknown}
 I - a scroll of acquirement {unknown}
Potions
 a - a potion of berserk rage {unknown}
 d - 3 potions of degeneration {unknown}
 g - 5 potions of curing {unknown}
 k - 5 potions of mutation {unknown}
 p - 2 potions of flight {unknown}
 q - a potion of heal wounds {unknown}
 A - a potion of lignification {unknown}
 D - a potion of might {unknown}


   Skills:
 + Level 9.9 Fighting
 + Level 9.9 Axes
 + Level 9.5 Armour
 + Level 8.7 Dodging
 + Level 4.9 Shields


You had 9 spell levels left.
You didn't know any spells.
Your spell library was empty.

Dungeon Overview and Level Annotations

Branches:
Dungeon (9/15)             Temple (0/1) D:4
   Lair: D:8-11         Orc: D:9-12

Altars:
Ashenzari
Dithmenos
Makhleb
Qazlal
Trog
The Shining One

Shops:
D:6 [:((

Annotations:
D:3 1 runed translucent door, Phaedo's ghost, amateur AtWr
D:6 3 runed translucent doors, Hedron's ghost, novice HOMo; diceflayer's ghost, novice DsGl; yogakurto's ghost, novice OgEn


Innate Abilities, Weirdness & Mutations

You have a pair of horns on your head.
You reflexively headbutt those who attack you in melee.


Message History

The centaur warrior is engulfed in blazing flames.
Flame seeps out of the centaur warrior.
You hear an angry hiss.
Unknown command.
You slash the centaur warrior!
Flame seeps out of the centaur warrior. x2
You headbutt the centaur warrior.
The centaur warrior is moderately wounded.
You barely miss the fire elemental. The fire elemental hits you.
The centaur warrior is engulfed in blazing flames.
Flame seeps out of the centaur warrior.
The centaur warrior unwields a +0 longbow.
The centaur warrior hits you.
* * * LOW HITPOINT WARNING * * *
The centaur warrior kicks you but does no damage.
The fire elemental hits you. The fire elemental burns you!
* * * LOW HITPOINT WARNING * * *
The centaur warrior is engulfed in blazing flames.
Flame seeps out of the centaur warrior.
You block the centaur warrior's attack.
The centaur warrior kicks you but does no damage.
You block the fire elemental's attack.
You barely miss the centaur warrior.
The centaur warrior is heavily wounded.
You hit the fire elemental but do no damage.
The centaur warrior is engulfed in blazing flames.
Flame seeps out of the centaur warrior.
The centaur warrior hits you but does no damage.
You block the centaur warrior's attack.
The centaur warrior is engulfed in blazing flames.
Flame seeps out of the centaur warrior.
The centaur warrior hits you but does no damage.
The centaur warrior kicks you but does no damage.
You block the fire elemental's attack.
The centaur warrior is engulfed in blazing flames.
Trog accepts your kill.
The centaur warrior explodes!
The fiery explosion engulfs the fire elemental.
The fire elemental completely resists.
The fire elemental is moderately damaged.
The fiery explosion engulfs you!!
You die...

###### #....# #....# #..<.#
###############....# **** #####
##.°§...............#
,,,**##...###e°E@.....######....#
**,,*#.....VhS#######.# ##....#
***.*..)#....## #.# ##.....# *
*...,,#...## ###.# #..#####
***.....#...## #...# #.## *
**,,,#..)?...#* #...# ##.# *
,,,,,#.###...c#####..†###..######
,,,,,#,,,.....V........).........
,,*,,,,,#.....h.....††##.###...##


You could see a deep elf pyromancer (inner flame, weak-willed), a fire elemental
(summoned), a vampire, a howler monkey and a ball python (inner flame,
weak-willed).

Vanquished Creatures
  A centaur warrior (D:9)
  A two-headed ogre (D:9)
  A troll (D:9)
  Sigmund (D:3)
  2 steam dragons
  Menkaure (D:4)
  Edmund (D:6)
  An acid dragon (D:9)
  Duvessa (D:4)
  A water moccasin (D:7)
  3 orc warriors
  A black bear (D:5)
  3 sky beasts
  3 ice beasts
  3 ogres
  4 centaurs
  A kobold brigand (D:6)
  4 bullfrogs
  3 scorpions
  4 wights (D:7)
  Dowan (D:4)
  16 killer bees (D:8)
  5 howler monkeys
  A gnoll bouda (D:5)
  4 jellies
  6 hounds
  An orc priest (D:7)
  5 iguanas
  5 orc wizards
  12 gnolls
  14 adders
  A shadow imp (D:6)
  A white imp (D:6)
  An ufetubus (D:7)
  2 worms (D:2)
  A dart slug (D:3)
  15 orcs
  5 bats
  5 endoplasms
  6 giant cockroaches
  8 goblins
  5 hobgoblins
  4 jackals (D:5)
  16 kobolds
  3 quokkas
  4 ball pythons
  2 frilled lizards
  11 rats
200 creatures vanquished.

Vanquished Creatures (others)
  A vampire (D:9)
  4 plants (D:9)
  2 withered plants (D:3)
7 creatures vanquished.

Grand Total: 207 creatures vanquished

Notes
Turn   | Place    | Note
-------+----------+-------------------------------------------
     0 | D:1      | LLlMATKO the Minotaur Berserker began the quest for the
                  | Orb.
     0 | D:1      | Reached XP level 1. HP: 19/19 MP: 0/0
   170 | D:1      | Reached XP level 2. HP: 23/27 MP: 1/1
   451 | D:1      | Reached XP level 3. HP: 33/33 MP: 2/2
   659 | D:1      | Reached ** piety under Trog
  1051 | D:2      | Reached XP level 4. HP: 40/40 MP: 3/3
  1253 | D:2      | Identified the +0 leather armour of the Gate {Regen+}
  1315 | D:2      | Found a faded altar of an unknown god.
  1618 | D:3      | Noticed Sigmund
  1633 | D:3      | Reached XP level 5. HP: 47/47 MP: 4/4
  1635 | D:3      | Killed Sigmund
  1636 | D:3      | Reached skill level 5 in Fighting
  1636 | D:3      | Reached skill level 5 in Axes
  1636 | D:3      | Reached XP level 6. HP: 56/56 MP: 5/5
  1775 | D:3      | Reached *** piety under Trog
  1828 | D:3      | Found a runed translucent door.
  1835 | D:3      | Noticed Phaedo's ghost (amateur AtWr)
  2250 | D:4      | Noticed Duvessa
  2250 | D:4      | Noticed Dowan
  2263 | D:4      | Killed Duvessa
  2388 | D:4      | Killed Dowan
  2389 | D:4      | Reached skill level 5 in Armour
  2409 | D:4      | Found a bloodstained altar of Trog.
  2416 | D:4      | Reached XP level 7. HP: 62/62 MP: 6/6
  2519 | D:4      | Found a staircase to the Ecumenical Temple.
  2551 | D:4      | You fall into a shaft and drop 3 floors!
  2559 | D:6      | Found Yzoepn's Weapon Shoppe.
  2565 | D:5      | Entered Level 5 of the Dungeon
  2612 | D:5      | Found a burning altar of Makhleb.
  2682 | D:5      | Found a shadowy altar of Dithmenos.
  2827 | D:4      | Noticed Menkaure
  2837 | D:4      | Killed Menkaure
  2838 | D:4      | Reached skill level 5 in Dodging
  3428 | D:5      | Reached XP level 8. HP: 61/71 MP: 7/7
  3499 | D:5      | Identified the +4 scale mail of the Beekeeper {Regen+ Int+5
                  | Dex-4 Stlth-}
  3557 | D:5      | Reached **** piety under Trog
  3809 | D:5      | Identified the staff of poison "Ymutummi" {rPois rC+}
  3976 | D:6      | Found Maywaal's Armour Shop.
  4036 | D:6      | Bought a scarf of repulsion for 144 gold pieces
  4067 | D:6      | Found a broken altar of Ashenzari.
  4072 | D:6      | Found Qanluizo's Weapon Emporium.
  4104 | D:6      | Noticed Edmund
  4114 | D:6      | Killed Edmund
  4179 | D:6      | Reached XP level 9. HP: 81/81 MP: 8/8
  4283 | D:6      | Found Otedghuck's Book Shoppe.
  4436 | D:6      | Found a runed translucent gate.
  4436 | D:6      | Found a runed translucent gate.
  4436 | D:6      | Found a runed translucent gate.
  4437 | D:6      | Noticed diceflayer's ghost (novice DsGl)
  4437 | D:6      | Noticed Hedron's ghost (novice HOMo)
  4437 | D:6      | Noticed yogakurto's ghost (novice OgEn)
  4594 | D:6      | Bought a +0 kite shield for 54 gold pieces
  4824 | D:7      | Reached skill level 1 in Shields
  5425 | D:8      | Found a stormy altar of Qazlal.
  5590 | D:8      | Found a glowing golden altar of the Shining One.
  5716 | D:8      | Reached ***** piety under Trog
  5717 | D:8      | Reached XP level 10. HP: 78/91 MP: 9/9
  6732 | D:9      | Noticed a two-headed ogre
  6740 | D:9      | Killed a two-headed ogre
  6746 | D:9      | Noticed a centaur warrior
  6749 | D:9      | Noticed a deep elf pyromancer
  6767 | D:9      | Killed a centaur warrior
  6767 | D:9      | Killed by an exploding centaur warrior... ignited by their
                  | inner flame

Illustrated notes

Levels and vault maps discovered:
D:1:      minmay_arrival_four_houses, layout_loops_ring, minmay_three_crescents
D:2:      layout_basic, hellmonk_ecumenical_altar_zigzags,
          minmay_increasing_density
D:3:      layout_rooms, gammafunk_ghost_grave, nicolae_elevator_lobby_plus,
          uniq_sigmund
D:4:      layout_rooms, mainiacjoe_overflow_cross_hatched,
          minmay_temple_entry_junction_2, uniq_menkaure, uniq_duvessa
D:5:      layout_basic, nicolae_overflow_hidden_temple, grunt_ministairs_13
D:6:      layout_rooms, ashenzari_altar_1, gammafunk_ghost_cemetery,
          serial_shops, nicolae_stop_n_shop_2, nicolae_shop_trees,
          nicolae_shop_advertising_works [nicolae_subvault_shop_adworks], shop,
          uniq_edmund
D:7:      layout_loops_ring, hangedman_decor_peaks_small
D:8:      layout_basic, nicolae_tso_carved_into_rock,
          nicolae_qazlal_beasts_of_the_sky, centaur_isle
D:9:      hangedman_cross_stitches, layout_rooms, grunt_livestock,
          introduction_to_nature_1

Skill      XL: |  1  2  3  4  5  6  7  8  9 10 |
---------------+-------------------------------+-----
Fighting       | 4 5 6 7 9 |  9.9
Axes           | 4 5 6 7 9 |  9.9
Armour         | 3 4 5 6 7 8 9 |  9.5
Dodging        | 3 4 5 6 8 |  8.7
Shields        | 3 4 |  4.9

Action                     |  1- 3 |  4- 6 |  7- 9 | 10-12 || total
---------------------------+-------+-------+-------+-------++-------
  Melee: Hand axe          |    73 |    73 |   210 |       ||   356
         Headbutt          |    15 |     8 |    66 |    13 ||   102
         Punch             |       |       |     6 |       ||     6
         War axe           |       |       |    97 |    93 ||   190
  Throw: Dart              |       |     2 |       |       ||     2
 Invoke: Berserk           |     1 |     3 |     5 |     1 ||    10
    Use: Scroll            |       |       |       |     4 ||     4
   Stab: Distracted        |     1 |       |       |       ||     1
 Armour: Animal skin       |    19 |     3 |       |       ||    22
         Scale mail        |       |    10 |   109 |    80 ||   199
         Plate armour      |       |    17 |    95 |       ||   112
  Dodge: Dodged            |    35 |    28 |   175 |    97 ||   335
         Repelled          |       |       |     1 |     1 ||     2
  Block: Kite shield       |       |       |    47 |    71 ||   118
